 Dungeon Crawl Stone Soup version 0.29-a0-802-g34511f41fd (webtiles) character file.

Game seed: 575097315882182318

21 Ajdolov the Gusty (level 2, -7/24 HPs)
             Began as an Ogre Air Elementalist on July 3, 2022.
             Mangled by a worm (8 damage)
             ... on level 2 of the Dungeon.
             The game lasted 00:02:08 (1261 turns).

Ajdolov the Gusty (Ogre Air Elementalist)           Turns: 1261, Time: 00:02:09

Health: -7/24      AC:  4    Str: 11    XL:     2   Next: 83%
Magic:  0/5        EV:  9    Int: 16    God:
Gold:   39         SH:  0    Dex:  9    Spells: 2/5 levels left

rFire   . . .      SeeInvis .   h - +1 dagger
rCold   . . .      Faith    .   (no shield)
rNeg    . . .      Spirit   .   a - +1 robe
rPois   .          Reflect  .   (helmet restricted)
rElec   .          Harm     .   (no cloak)
rCorr   .          Rampage  .   (gloves unavailable)
Will    .....                   (boots unavailable)
Stlth   +.........              (no amulet)
HPRegen 0.08/turn               (no ring)
MPRegen 0.09/turn               (no ring)

@: no status effects
A: large, unfitting armour, tough skin 1
a: no special abilities


You were on level 2 of the Dungeon.
You visited 1 branch of the dungeon, and saw 2 of its levels.

You collected 39 gold pieces.

Inventory:

Hand Weapons
 h - a +1 dagger (weapon)
Armour
 a - a +1 robe (worn)
Scrolls
 g - a scroll of noise
 j - a scroll of magic mapping {unknown}
 l - a scroll of fog {unknown}
Potions
 b - a potion of magic
 c - 2 potions of mutation {unknown}
 d - a potion of flight {unknown}
 f - 2 potions of heal wounds {unknown}
 k - a potion of might {unknown}


   Skills:
 - Level 1.7 Dodging
 - Level 1.4 Stealth
 - Level 2.4 Spellcasting
 * Level 2.4 Conjurations
 - Level 2.6 Air Magic


You had 2 spell levels left.
You knew the following spells:

 Your Spells              Type           Power      Damage    Failure   Level
a - Shock                 Conj/Air       40%        1d5       7%          1
b - Static Discharge      Conj/Air       10%        3-5/arc   11%         2

Your spell library contained the following spells:

 Spells                   Type           Power      Damage    Failure   Level
 Swiftness                Air            10%        N/A       21%         3
 Airstrike                Air            5%         0-3+      54%         4


Dungeon Overview and Level Annotations

Branches:
Dungeon (2/15)

Altars:

Shops:
D:1 (


Innate Abilities, Weirdness & Mutations

You are too large for most types of armour.
You have tough skin. (AC +1)


Message History

You miss the quokka. The quokka barely misses you.
The quokka bites you but does no damage.
Casting: Shock (safe; 7% risk of failure)
Confirm with . or Enter, or press ? or * to list all spells.
The quokka is struck by an arc of lightning.
You kill the quokka!
You are struck by an arc of lightning.
You start resting.
A worm is nearby!
You hit the worm.
The worm is lightly wounded.
The worm barely misses you.
You completely miss the worm.
The worm is lightly wounded.
You hit the worm but do no damage.
The worm is lightly wounded.
The worm bites you!
* * * LOW HITPOINT WARNING * * *
Okay, then.
As you read the scroll labelled APSURIUXIM, it crumbles to dust.
It is a scroll of identify.
g - a scroll of noise
As you read the scroll labelled QARETE CEASH, it crumbles to dust.
It is a scroll of enchant weapon.
Your +0 dagger glows red for a moment.
The worm barely misses you.
You hit the worm.
The worm is moderately wounded.
The worm bites you.
* * * LOW HITPOINT WARNING * * *
Casting: Static Discharge (safe; 11% risk of failure)
Confirm with . or Enter, or press ? or * to list all spells.
The worm is struck by an arc of lightning!
The worm is heavily wounded.
You are struck by an arc of lightning.
* * * LOW HITPOINT WARNING * * *
The lightning grounds out.
As you read the scroll labelled JETITISAOC, it crumbles to dust.
It is a scroll of enchant armour.
Your +0 robe glows green for a moment.
The worm bites you!
You die...

..####.#.##.##.######
#....#.#.#.....#
####.#.#.#..#####.#
#.#.#........#
..#.#.w#######
###.#..#### ..#...>.#
#.#####.##.##♣♣
#....##.##.#@.♣ .♣
...).......#♣w♣ ♣P♣P♣
......#....#.♣♣P.P...
.r....#.#.##♣...♣
........r....♣P$..♣
#####.#.#........♣...
#.#.####.#.♣♣♣ . #
#.# ...... #..
...♣.♣P.


You could see a worm.

Vanquished Creatures
  2 bats (D:1)
  A giant cockroach (D:1)
  A goblin (D:2)
  A hobgoblin (D:1)
  3 kobolds (D:1)
  4 quokkas
  6 ball pythons
  A frilled lizard (D:1)
  A rat (D:1)
20 creatures vanquished.

Vanquished Creatures (others)
  45 plants (D:2)
45 creatures vanquished.

Grand Total: 65 creatures vanquished

Notes
Turn   | Place    | Note
-------+----------+-------------------------------------------
     0 | D:1      | Ajdolov the Ogre Air Elementalist began the quest for the
                  | Orb.
     0 | D:1      | Reached XP level 1. HP: 16/16 MP: 3/3
    23 | D:1      | Found Otof Boz's Antique Weapon Shop.
    69 | D:1      | Reached skill level 1 in Conjurations
   245 | D:1      | Reached XP level 2. HP: 12/24 MP: 0/5
   251 | D:1      | Learned a level 2 spell: Static Discharge
  1260 | D:2      | HP: 1/24 [/static electricity (2)]
  1261 | D:2      | Mangled by a worm

Illustrated notes

Levels and vault maps discovered:
D:1:      tarquinn_simple_flora_water_e, layout_loops_cross, serial_shops, shop
D:2:      wad_woods_stonehenge, layout_basic, basic_ecumenical_altar

Skill      XL: |  1  2 |
---------------+-------+-----
Conjurations   | 1 2 |  2.4
Dodging        | |  1.7
Stealth        | |  1.4
Spellcasting   | |  2.4
Air Magic      | |  2.6

Action                   || total
-------------------------++-------
Melee: Dagger            ||    42
       Short sword       ||     1
       Punch             ||     1
 Cast: Shock             ||    19
       Static Discharge  ||     3
  Use: Scroll            ||     3
 Stab: Sleeping          ||     1
Armor: Robe              ||    19
Dodge: Dodged            ||    30

Table legend: (Time is in decaauts)
 A = Elapsed time spent in this place.
 B = Non-inter-level travel time spent in this place.
 C = Inter-level travel time spent in this place.
 D = Time resting spent in this place.
 E = Time spent auto-exploring this place.
 F = Levels seen in this place.
 G = Mean time per level.
                   A        B        C        D        E       F      G
               +--------+--------+--------+--------+--------+-----+--------+
         Total |   1260 |   1241 |     19 |     19 |   1010 |   2 |  630.0 |
       Dungeon |   1260 |   1241 |     19 |     19 |   1010 |   2 |  630.0 |
               +--------+--------+--------+--------+--------+-----+--------+

Top non-repeatable levels by time:
     D:1: 1035 daAuts
     D:2: 225 daAuts
